 Dungeon Crawl Stone Soup version 0.23.2-1-ga50397a (webtiles) character file.

Game seed: 3679281428738057764

487 funkygono the Grave Robber (level 6, 0/43 HPs)
             Began as a Demonspawn Necromancer on May 17, 2019.
             Slain by Menkaure (22 damage)
             ... on level 5 of the Dungeon.
             The game lasted 00:17:39 (5166 turns).

funkygono the Grave Robber (Demonspawn Necromancer) Turns: 5166, Time: 00:17:39

Health: 0/43       AC:  5    Str:  8    XL:     6   Next: 89%
Magic:  12/12      EV: 11    Int: 19    God:
Gold:   242        SH:  0    Dex: 13    Spells: 4/13 levels left

rFire    + + .     SeeInvis .   e - +0 mace
rCold    + + .     Gourm    .   (no shield)
rNeg     . . .     Faith    .   a - +0 ring mail {rC+}
rPois    .         Spirit   .   (no helmet)
rElec    .         Reflect  .   x - scarf {rC+ rF+}
rCorr    .         Harm     .   (no gloves)
MR       .....                  (no boots)
Stlth    ++........             (no amulet)
HPRegen  0.14/turn              n - ring of wizardry
MPRegen  0.13/turn              q - ring of protection from fire

@: no status effects
A: foul stench 1, rot immunity, sturdy frame 1
a: no special abilities


You were on level 5 of the Dungeon.
You were not hungry.

You visited 1 branch of the dungeon, and saw 5 of its levels.

You collected 242 gold pieces.

Inventory:

Hand Weapons
 e - a +0 mace (weapon)
 h - a +0 whip
Armour
 a - a +0 ring mail of cold resistance (worn)
 m - a +1 leather armour
 x - a scarf of resistance (worn)
Jewellery
 n - a ring of wizardry (left hand)
 q - a ring of protection from fire (right hand)
 C - an uncursed amulet of the acrobat {unknown}
Wands
 t - a wand of acid (9)
Scrolls
 l - 3 scrolls of teleportation
 u - 2 scrolls of fear
 w - a scroll of enchant armour
 y - a scroll of holy word {unknown}
 z - a scroll of amnesia
 B - a scroll of identify
Potions
 b - a potion of brilliance {unknown}
 d - 4 potions of curing
 f - a potion of lignification {unknown}
 g - 2 potions of haste
 i - a potion of agility {unknown}
 j - 4 potions of heal wounds
 k - 2 potions of flight
 o - a potion of mutation {unknown}
 p - 2 potions of cancellation {unknown}
 r - a potion of ambrosia {unknown}
 s - a potion of berserk rage {unknown}
 v - a potion of might {unknown}
Comestibles
 c - 7 rations


   Skills:
 + Level 1.1 Fighting
 + Level 0.7 Maces & Flails
 + Level 0.5 Armour
 + Level 2.0 Dodging
 + Level 1.9 Stealth
 + Level 4.2 Spellcasting
 + Level 7.3 Necromancy


You had 4 spell levels left.
You knew the following spells:

 Your Spells              Type           Power        Failure   Level  Hunger
a - Pain                  Necr           ####         1%          1    None
b - Animate Skeleton      Necr           N/A          1%          1    None
c - Vampiric Draining     Necr           ####......   1%          3    ###....
d - Animate Dead          Necr           N/A          4%          4    ####...

Your spell library contained the following spells:

 Spells                   Type           Power        Failure   Level  Hunger
 Regeneration             Chrm/Necr      ###.......   6%          3    ###....


Dungeon Overview and Level Annotations

Branches:
Dungeon (5/15)
 Temple: D:4-7

Altars:

Annotations:
D:5 Menkaure


Innate Abilities, Weirdness & Mutations

You may emit foul miasma when damaged in melee.
You are immune to rotting.
Your movements are slightly less encumbered by armour. (ER -2)


Message History

You can't see any susceptible monsters within range! (Use Z to cast anyway.) Unknown command.
Casting: Animate Dead (safe; 4% risk of failure)
Confirm with . or Enter, or press ? or * to list all spells.
You can't see any susceptible monsters within range! (Use Z to cast anyway.) Unknown command.
Okay, then.
Menkaure points at you and mumbles some strange words.
Pain shoots through your body!
You hit Menkaure but do no damage. Menkaure closely misses you.
You barely miss Menkaure. Menkaure hits you!
You emit a cloud of foul miasma!
Menkaure barely misses you.
You hit Menkaure.
Menkaure is moderately damaged.
Menkaure hits you.
You hit Menkaure.
Menkaure is moderately damaged.
Menkaure hits you!!
Ouch! That really hurt!
You die...

####### ###### ########......
.......#######
###.........#####.............###
....#####...........##......<...#
.##...# #...#####...##..#####.#.#
......# #...# ........<.......
..#...# #.#.#####............5...
..#.#####.#.....@Ms.# ...####.#.#
..#.......#..#####.....# #.#.#
..##..........### ..#.. ####o#..
.................. ... #....##.
.........##..#####.# ### #5#####.
...................#.# #.# #.
#........##...### #.# #5# #.
#...........#.# #.# #.# ###.
#........####.# #.# #o# #...


You could see Menkaure and a giant cockroach.

Vanquished Creatures
  A necrophage (D:5)
  An ogre (D:4)
  A scorpion (D:4)
  A hound (D:4)
  Terence (D:3)
  Robin (D:3)
  A gnoll (D:1)
  7 adders
  A shadow imp (D:5)
  4 oozes
  3 dart slugs (D:1)
  2 leopard geckos
  8 giant cockroaches
  19 goblins
  8 hobgoblins
  6 jackals
  5 kobolds
  2 quokkas
  6 ball pythons
  5 bats
  4 frilled lizards
  5 rats
92 creatures vanquished.

Vanquished Creatures (collateral kills)
  An adder (D:2)
  2 bats
  A hobgoblin (D:1)
  2 jackals (D:1)
6 creatures vanquished.

Grand Total: 98 creatures vanquished

Notes
Turn   | Place    | Note
-------+----------+-------------------------------------------
     0 | D:1      | funkygono the Demonspawn Necromancer began the quest for
                  | the Orb.
     0 | D:1      | Reached XP level 1. HP: 13/13 MP: 3/3
   516 | D:1      | Learned a level 1 spell: Animate Skeleton
   586 | D:1      | Gained mutation: Your movements are slightly less
                  | encumbered by armour. (ER -2) [demonic ancestry]
   586 | D:1      | Reached XP level 2. HP: 6/19 MP: 0/5
   811 | D:1      | Reached skill level 5 in Necromancy
   834 | D:1      | Gained mutation: You are immune to rotting. [demonic
                  | ancestry]
   834 | D:1      | Reached XP level 3. HP: 6/24 MP: 0/6
  1050 | D:1      | Learned a level 3 spell: Vampiric Draining
  1705 | D:2      | Reached XP level 4. HP: 29/30 MP: 4/8
  2598 | D:2      | Learned a level 4 spell: Animate Dead
  2638 | D:3      | Noticed Terence
  2667 | D:3      | Killed Terence
  2667 | D:3      | Reached XP level 5. HP: 6/36 MP: 0/10
  2948 | D:3      | Reached skill level 6 in Necromancy
  3287 | D:3      | Noticed Robin
  3314 | D:3      | Killed Robin
  3503 | D:4      | Noticed an ogre
  3510 | D:4      | Killed an ogre
  3510 | D:4      | Gained mutation: You may emit foul miasma when damaged in
                  | melee. [demonic ancestry]
  3510 | D:4      | Reached XP level 6. HP: 22/42 MP: 5/12
  3921 | D:4      | Reached skill level 1 in Fighting
  4029 | D:4      | Reached skill level 7 in Necromancy
  4353 | D:5      | Entered Level 5 of the Dungeon
  4464 | D:5      | HP: 1/43 [shadow imp/nerve-wracking pain (6)]
  5156 | D:5      | Noticed Menkaure
  5166 | D:5      | Slain by Menkaure

Skill      XL: |  1  2  3  4  5  6 |
---------------+-------------------+-----
Necromancy     | 5 6 7 |  7.3
Spellcasting   | 3 4 |  4.2
Dodging        | 2 |  2.0
Fighting       | 1 |  1.1
Maces & Flails | |  0.7
Armour         | |  0.5
Stealth        | |  1.9

Action                   |  1- 3 |  4- 6 || total
-------------------------+-------+-------++-------
Melee: Mace              |    20 |    58 ||    78
 Cast: Pain              |    54 |   107 ||   161
       Animate Skeleton  |    16 |    16 ||    32
       Animate Dead      |       |     6 ||     6
  Use: Scroll            |     4 |     6 ||    10
       Potion            |       |     2 ||     2
  Eat: Chunk             |     3 |     5 ||     8
       Ration            |       |     2 ||     2
Armor: Leather armour    |     4 |    24 ||    28
       Robe              |     1 |       ||     1
       Ring mail         |       |    10 ||    10
Dodge: Dodged            |    19 |    76 ||    95
